AoeStats
← Franks Sinatra

Arabia

503726023Analyzed
1v1 RM · 29d ago on Sep 2, 2026· 39m 31s· 2 players
Game mode
Random Map
Map size
Tiny (2 player)
Population
200
Speed
Normal
Resources
Standard
Victory
Conquest
Starting age
Dark Age
Ending age
Imperial Age
RankedLock teamsTeams togetherTeam positionsShared explorationLock speedFull tech treeHidden civsTurbo modeCheats
Victory
Defeat
🇺🇸 Franks · United States
899
+17
🇫🇮 Khmer · Finland
931
-17
Franks Sinatra
3:32 Loom
11:19 Feudal Age
12:41 Double-Bit Axe
17:14 Wheelbarrow
19:54 Castle Age
19:20 Forging
19:17 Scale Barding Armor
19:25 Town Watch
20:16 Wheelbarrow
20:56 Bow Saw
21:51 Husbandry
28:25 Hand Cart
31:58 Imperial Age
30:38 Scale Mail Armor
32:04 Fletching
32:15 Padded Archer Armor
32:52 Iron Casting
33:08 Elite Skirmisher
34:44 Stone Mining
34:46 Gold Mining
35:18 Bodkin Arrow
35:39 Leather Archer Armor
36:42 Heavy Cavalry Archer
38:46 Cavalier
eke
8:34 Loom
11:09 Feudal Age
12:21 Double-Bit Axe
12:21 Horse Collar
13:21 Wheelbarrow
18:44 Castle Age
18:38 Scale Barding Armor
18:45 Forging
20:04 Bloodlines
19:54 Husbandry
20:19 Chain Barding Armor
20:32 Heavy Plow
23:08 Bow Saw
25:18 Hand Cart
30:18 Imperial Age
32:25 Theocracy
32:22 Illumination
32:05 Double Crossbow
31:26 Elite Ballista Elephant
32:47 Plate Barding Armor
Connection lost

Rejoining the realm…

Still unreachable

The connection could not be restored.

Session expired

The server has moved on; the page needs a fresh start.